Map: Ruins of Seras

Players

wabbajack - Winner!

  • Race: Zerg Zerg
  • League: Bronze

JOD

  • Race: Zerg Zerg
  • League: Bronze

VOD

Have the link to the VOD?

Description

Time

  • Played on: July 16, 2015, 7:15 p.m.
  • Length: 5:21
Show
View Real Time Build Order
Export as new Build Order

wabbajack Zerg - Winner!

Build Orders: Hatch First 

Get SALT Encoding   

  12  0:01  Drone  
  13  0:13  Overlord  
  13  0:18  Drone  
  14  0:25  Drone, Extractor  
  14  0:34  Drone  
  16  0:36  Drone  
  17  0:55  Hatchery  
  16  1:06  Extractor  
  15  1:12  Spawning Pool  
  15  1:15  Drone  
  15  1:19  Drone  
  16  1:26  Drone  
  17  1:35  Drone  
  17  1:38  Drone  
  19  2:01  Queen  
  19  2:03  Zergling x2  
  19  2:08  Queen  
  24  2:10  Metabolic Boost  
  24  2:14  Drone x3  
  27  2:24  Overlord  
  27  2:26  Drone  
  28  2:35  Roach Warren  
  27  2:43  Overlord  
  27  2:46  Overlord  
  27  2:51  Drone  
  28  2:52  Drone  
  28  2:53  Drone  
  30  3:19  Roach  
  32  3:20  Roach x5  
  32  3:26  Roach x2  
  46  3:33  Roach  
  47  3:40  Overlord  
  47  3:41  Overlord  
  47  3:44  Roach  
  49  3:53  Roach  
  51  4:09  Zergling x2  
  52  4:10  Zergling x16  
  52  4:16  Overlord  
  60  4:25  Zergling x2  
  60  4:26  Zergling x12  
  73  5:12  Ravager  
Show
View Real Time Build Order
Export as new Build Order

JOD Zerg 

Build Orders: Hatch First 

Get SALT Encoding   

  12  0:02  Drone  
  13  0:10  Drone  
  14  0:18  Overlord  
  14  0:27  Extractor  
  14  0:28  Extractor  
  12  0:29  Drone  
  12  0:30  Drone  
  16  0:53  Hatchery  
  15  0:58  Drone  
  15  0:59  Drone  
  17  1:16  Spawning Pool  
  16  1:20  Drone  
  16  1:23  Drone  
  18  1:27  Extractor  
  18  1:29  Drone  
  18  1:35  Overlord  
  18  1:43  Drone  
  19  1:53  Drone  
  20  2:03  Queen  
  20  2:05  Queen  
  24  2:11  Zergling x4  
  26  2:23  Drone x2  
  26  2:25  Drone  
  29  2:30  Metabolic Boost  
  29  2:32  Drone  
  30  2:38  Drone  
  30  2:40  Drone  
  32  2:53  Spine Crawler  
  32  2:54  Drone  
  32  2:55  Drone  
  32  2:58  Spine Crawler  
  32  3:00  Drone  
  32  3:01  Drone  
  34  3:12  Roach Warren  
  33  3:18  Overlord, Spine Crawler  
  32  3:20  Drone  
  32  3:23  Drone  
  32  3:25  Drone  
  35  3:28  Drone  
  36  3:43  Lair  
  36  3:47  Extractor  
  36  3:48  Drone x4  
  39  3:49  Overlord  
  39  3:51  Drone  
  39  3:52  Drone  
  40  4:08  Drone  
  41  4:12  Roach x2  
  45  4:18  Hatchery  
  45  4:20  Overlord  
  45  4:22  Roach x2  
  48  4:40  Roach x5  
  58  4:47  Hydralisk Den  
  58  4:52  Roach x2  
Tags
 
Add a new tag
Caveats
  • Supply blocks, unpowered buildings, or Contaminate may cause inaccurate times.
  • Supply counts are checked every 10 seconds.